 Dungeon Crawl Stone Soup version 0.28-a0-732-g75e6d9beac (webtiles) character file.

Game seed: 1738083067305941389

94 Lekart the Gusty (level 4, -5/33 HPs)
             Began as a Draconian Air Elementalist on Oct 29, 2021.
             Shot with an arrow by a centaur (13 damage)
             ... on level 4 of the Dungeon.
             The game lasted 00:03:54 (2039 turns).

Lekart the Gusty (Draconian Air Elementalist)       Turns: 2039, Time: 00:03:54

Health: -5/33      AC:  6    Str: 11    XL:     4   Next: 38%
Magic:  0/9        EV: 12    Int: 16    God:
Gold:   0          SH:  0    Dex: 11    Spells: 8/9 levels left

rFire   . . .      SeeInvis .   (no weapon)
rCold   . . .      Faith    .   (no shield)
rNeg    . . .      Spirit   +   (armour unavailable)
rPois   .          Reflect  .   (helmet restricted)
rElec   .          Harm     .   a - +0 cloak
rCorr   .          Rampage  .   (no gloves)
Will    .....                   (no boots)
Stlth   ++........              b - amulet of guardian spirit
HPRegen 0.11/turn               (no ring)
MPRegen 0.11/turn               (no ring)

@: no status effects
A: AC +5, unfitting armour, cold-blooded
a: no special abilities


You were on level 4 of the Dungeon.
You visited 1 branch of the dungeon, and saw 3 of its levels.

Inventory:

Armour
 a - a +0 cloak (worn)
Jewellery
 b - an amulet of guardian spirit (around neck)
 d - a +4 ring of evasion
Scrolls
 g - a scroll of identify
Potions
 c - a potion of curing
 f - a potion of haste


   Skills:
 + Level 2.1 Dodging
 - Level 1.7 Stealth
 + Level 0.6 Unarmed Combat
 * Level 3.3 Spellcasting
 + Level 1.5 Conjurations
 + Level 3.6 Air Magic


You had 8 spell levels left.
You knew the following spells:

 Your Spells              Type           Power      Damage    Failure   Level
a - Shock                 Conj/Air       40%        1d5       6%          1

Your spell library contained the following spells:

 Spells                   Type           Power      Damage    Failure   Level
 Static Discharge         Conj/Air       10%        N/A       10%         2
 Swiftness                Air            14%        N/A       12%         3
 Airstrike                Air            7%         N/A       36%         4
 Summon Guardian Golem    Hex/Summ       2%         N/A       47%         3
 Orb of Destruction       Conj           3%         9d1       100%        7
 Spellforged Servitor     Conj/Summ      2%         N/A       100%        7


Dungeon Overview and Level Annotations

Branches:
Dungeon (2/15)

Altars:
Ashenzari

Shops:
D:2 *


Innate Abilities, Weirdness & Mutations

Your plain brown scales are hard. (AC +5)
You cannot fit into any form of body armour.
You are cold-blooded and may be slowed by cold attacks.


Message History

Casting: Shock (safe; 6% risk of failure)
Confirm with . or Enter, or press ? or * to list all spells.
You can't see any susceptible monsters within range! (Use Z to cast anyway.)
Found a stone staircase leading down.
Things that are here:
a +0 dagger; a +0 club
There is an entrance to Sywk's Assorted Antiques here.
You fall into a shaft and drop 2 floors!
The shaft crumbles and collapses.
You hear the hiss of flowing sand.
There is an entrance to an ossuary on this level.
Hurry and find it before the portal is buried!
A hound comes into view.
Found 36 gold pieces.
Found a broken altar of Ashenzari.
Okay, then.
Found 25 gold pieces.
Found 13 gold pieces.
A centaur comes into view.
The centaur wields a +0 shortbow.
The centaur shoots an arrow.
The arrow hits you.
The centaur shoots an arrow.
The arrow hits you!
The centaur shoots an arrow.
The arrow hits you!
The centaur shoots an arrow.
The arrow closely misses you.
Casting: Shock (safe; 6% risk of failure)
Confirm with . or Enter, or press ? or * to list all spells.
Aiming: Shock (safe; 6% risk of failure)
Press: ? - help, Shift-Dir - straight line, f - centaur
Aim: a centaur, wielding a +0 shortbow and quivering arrows (81% to hit)
The zap hits the centaur.
The centaur is lightly wounded.
The centaur shoots an arrow.
The arrow hits you!
* * * LOW HITPOINT WARNING * * *
Casting: Shock (safe; 6% risk of failure)
Confirm with . or Enter, or press ? or * to list all spells.
Aiming: Shock (safe; 6% risk of failure)
Press: ? - help, Shift-Dir - straight line, f/p - centaur
Aim: a centaur, wielding a +0 shortbow and quivering arrows (lightly wounded, 81% to hit)
The zap hits the centaur.
The centaur is lightly wounded.
The centaur shoots an arrow.
The arrow hits you!
You die...

##### ############
##...# #..c...@...#
#.....
8...######.########.#.##
. #..........#.#.
############.#$ #.+.
#.#. #.#. #######.##
..........


You could see a centaur.

Vanquished Creatures
  Jessica (D:2)
  Robin (D:2)
  An adder (D:2)
  3 ball pythons
  11 bats
  2 endoplasms (D:1)
  6 hobgoblins
  4 kobolds
  A quokka (D:1)
  A frilled lizard (D:2)
  11 goblins
  2 rats
44 creatures vanquished.

Vanquished Creatures (others)
  6 plants (D:1)
6 creatures vanquished.

Grand Total: 50 creatures vanquished

Notes
Turn   | Place    | Note
-------+----------+-------------------------------------------
     0 | D:1      | Lekart the Draconian Air Elementalist began the quest for
                  | the Orb.
     0 | D:1      | Reached XP level 1. HP: 14/14 MP: 3/3
   330 | D:1      | Reached XP level 2. HP: 20/20 MP: 0/5
   787 | D:1      | Found a faded altar of an unknown god.
  1334 | D:2      | Noticed Jessica
  1339 | D:2      | Killed Jessica
  1340 | D:2      | Reached XP level 3. HP: 26/26 MP: 0/7
  1415 | D:2      | Found Sywk's Assorted Antiques.
  1550 | D:2      | Noticed Robin
  1591 | D:2      | Killed Robin
  1592 | D:2      | Reached XP level 4. HP: 19/33 MP: 0/8
  2013 | D:2      | You fall into a shaft and drop 2 floors!
  2013 | D:4      | Found a broken altar of Ashenzari.
  2035 | D:4      | Noticed a centaur
  2039 | D:4      | Shot with an arrow by a centaur

Illustrated notes

Levels and vault maps discovered:
D:1:      nzn_arrival_settlement, layout_basic,
          dilly_ecumenical_altar_fadedgnrine
D:2:      layout_rooms, serial_shops, shop, uniq_robin, uniq_jessica
D:4:      layout_loops_ring, nicolae_ru_awakened_eye, amcnicky_altar_gilded,
          gammafunk_ghost_abyssal_escape, nicolae_ossuary_entry_monument,
          kennysheep_dice, uniq_crazy_yiuf_cottage

Skill      XL: |  1  2  3 |
---------------+----------+-----
Dodging        | 2 |  2.1
Spellcasting   | 3 |  3.3
Stealth        | |  1.7
Unarmed Combat | |  0.6
Conjurations   | |  1.5
Air Magic      | |  3.6

Action                   |  1- 3 |  4- 6 || total
-------------------------+-------+-------++-------
Melee: Unarmed           |    33 |     2 ||    35
       Tailslap          |     2 |       ||     2
 Cast: Shock             |    73 |    18 ||    91
  Use: Scroll            |       |     4 ||     4
       Potion            |       |     2 ||     2
 Stab: Sleeping          |       |     1 ||     1
Armor: Skin              |    16 |     1 ||    17
Dodge: Dodged            |    31 |     2 ||    33

Table legend: (Time is in decaauts)
 A = Elapsed time spent in this place.
 B = Non-inter-level travel time spent in this place.
 C = Inter-level travel time spent in this place.
 D = Time resting spent in this place.
 E = Time spent auto-exploring this place.
 F = Levels seen in this place.
 G = Mean time per level.
                   A        B        C        D        E       F      G
               +--------+--------+--------+--------+--------+-----+--------+
         Total |   2038 |   2031 |      7 |     58 |   1655 |   3 |  679.3 |
       Dungeon |   2038 |   2031 |      7 |     58 |   1655 |   3 |  679.3 |
               +--------+--------+--------+--------+--------+-----+--------+

Top non-repeatable levels by time:
     D:1: 1166 daAuts
     D:2: 846 daAuts
     D:4: 25 daAuts
